 Dungeon Crawl Stone Soup version 0.27.1-33-g824d729ab1 (webtiles) character file.

Game seed: 16340966868699832902

1049 potato4science the Covert (level 8, -2/54 HPs)
             Began as an Octopode Hedge Wizard on Dec 24, 2021.
             Slain by a gnoll sergeant (5 damage)
             ... on level 5 of the Dungeon.
             The game lasted 00:28:58 (9206 turns).

potato4science the Covert (Octopode Hedge Wizard)   Turns: 9206, Time: 00:28:58

Health: -2/54      AC:  2    Str:  9    XL:     8   Next: 25%
Magic:  12/12      EV: 14    Int: 25    God:
Gold:   299        SH:  0    Dex: 11    Spells: 10/13 levels left

rFire    . . .     SeeInvis .   f - +2 dagger (freeze)
rCold    . . .     Faith    .   (no shield)
rNeg     . . .     Spirit   .   b - +1 hat
rPois    .         Reflect  .   (no amulet)
rElec    .         Harm     .   c - +6 ring of intelligence
rCorr    .         Rampage  .   (no ring)
Will     .....                  (no ring)
Stlth    +++++.....             (no ring)
HPRegen  0.18/turn              (no ring)
MPRegen  0.13/turn              (no ring)
                                (no ring)
                                (no ring)

@: no status effects
A: almost no armour, amphibious, 8 rings, camouflage 1, gelatinous body 1,
(nimble swimmer 1), tentacles
a: no special abilities


You were on level 5 of the Dungeon.
You visited 1 branch of the dungeon, and saw 6 of its levels.

You collected 299 gold pieces.

Inventory:

Hand Weapons
 a - a +0 dagger
 f - a +2 dagger of freezing (weapon)
Missiles
 e - 8 poisoned darts
 p - 11 boomerangs
 s - 3 boomerangs of dispersal
Armour
 b - a +1 hat (worn)
Jewellery
 c - a +6 ring of intelligence (left tentacle)
 l - an amulet of guardian spirit
 u - a ring of ice
Wands
 w - a wand of digging (5)
Scrolls
 g - 2 scrolls of brand weapon {unknown}
 q - 2 scrolls of enchant armour
 r - a scroll of teleportation
Potions
 d - a potion of heal wounds {unknown}
 h - 2 potions of flight
 i - a potion of brilliance {unknown}
 k - 2 potions of magic
 m - a potion of haste {unknown}
 n - a potion of attraction {unknown}
 o - a potion of might {unknown}


   Skills:
 - Level 4.0 Fighting
 + Level 4.4 Short Blades
 - Level 4.0 Dodging
 - Level 9.0 Stealth
 - Level 3.0 Spellcasting
 - Level 1.0 Conjurations
 - Level 1.0 Summonings
 - Level 1.0 Translocations


You had 10 spell levels left.
You knew the following spells:

 Your Spells              Type           Power      Damage    Failure   Level
a - Magic Dart            Conj           32%        1d4       7%          1
b - Blink                 Tloc           N/A        N/A       10%         2

Your spell library contained the following spells:

 Spells                   Type           Power      Damage    Failure   Level
 Summon Small Mammal      Summ           32%        N/A       7%          1
 Call Imp                 Summ           8%         N/A       10%         2
 Slow                     Hex            3%         N/A       16%         2
 Call Canine Familiar     Summ           8%         N/A       21%         3
 Conjure Flame            Conj/Fire      6%         6-21      24%         3
 Summon Guardian Golem    Hex/Summ       6%         N/A       24%         3
 Mephitic Cloud           Conj/Pois/Air  5%         N/A       26%         3
 Hailstorm                Conj/Ice       6%         3d4       63%         4
 Ice Form                 Ice/Tmut       3%         N/A       69%         4
 Simulacrum               Ice/Necr       1%         N/A       100%        6


Dungeon Overview and Level Annotations

Branches:
Dungeon (6/15)
 Temple: D:4-7

Altars:
Nemelex Xobeh
Qazlal
The Shining One

Annotations:
D:3 ogre


Innate Abilities, Weirdness & Mutations

You cannot wear most types of armour.
You are amphibious.
You can wear up to eight rings at the same time.
Your skin changes colour to match your surroundings (Stealth+).
Your rubbery body absorbs attacks. (AC +1, EV +1)
((You are camouflaged near water. (Stealth+)))
You have tentacles for arms and can constrict up to eight enemies at once.


Message History

You constrict the gnoll sergeant.
The gnoll sergeant hits you with a +0 spear.
You hit the gnoll sergeant. You freeze the gnoll sergeant.
The gnoll sergeant is moderately wounded.
You constrict the gnoll sergeant, but do no damage.
The gnoll sergeant hits you with a +0 spear.
You hit the gnoll sergeant but do no damage.
The gnoll sergeant is lightly wounded.
You constrict the gnoll sergeant, but do no damage.
The gnoll sergeant hits you with a +0 spear!
You hit the gnoll sergeant. You freeze the gnoll sergeant.
The gnoll sergeant is moderately wounded.
You constrict the gnoll sergeant, but do no damage.
You completely miss the gnoll sergeant.
You squeeze the gnoll sergeant, but do no damage.
The gnoll sergeant is moderately wounded.
You constrict the gnoll sergeant, but do no damage.
The gnoll sergeant hits you with a +0 spear!
* * * LOW HITPOINT WARNING * * *
You feel better.
You constrict the gnoll sergeant.
The gnoll sergeant hits you with a +0 spear.
* * * LOW HITPOINT WARNING * * *
Okay, then.
You completely miss the gnoll sergeant.
The gnoll sergeant is moderately wounded.
You constrict the gnoll sergeant.
The gnoll sergeant hits you with a +0 spear!
* * * LOW HITPOINT WARNING * * *
You hit the gnoll sergeant but do no damage.
The gnoll sergeant is moderately wounded.
You constrict the gnoll sergeant.
The gnoll sergeant completely misses you.
You hit the gnoll sergeant but do no damage.
The gnoll sergeant is heavily wounded.
You constrict the gnoll sergeant, but do no damage.
You hit the gnoll sergeant but do no damage.
The gnoll sergeant is heavily wounded.
You constrict the gnoll sergeant, but do no damage.
The gnoll sergeant hits you with a +0 spear.
You die...

##..^#..#...........#
.#'.##..#.###..##...#
..###..##'###..##...#
#......#............#
.......#............#
.......#............#
.......#..##........#
.......#####........#
.......#........@...#
##.....#..)....g....#
#.....#..##........#
####'##..##........#
###.......#..)......#
.##.......#.........#
.#........'.........#
.##..###..##........#
.##..#######........#


You could see a gnoll sergeant.

Vanquished Creatures
  2 ogres
  2 bullfrogs
  2 scorpions
  A bullfrog zombie (D:5)
  2 centaur zombies
  3 hounds
  A jelly (D:4)
  Ijyb (D:4)
  2 orc wizards (D:4)
  Robin (D:4)
  7 gnolls
  13 adders
  10 dart slugs
  17 orcs
  10 ball pythons
  4 endoplasms
  3 giant cockroaches (D:1)
  17 goblins
  6 hobgoblins
  8 kobolds
  5 quokkas
  6 bats
  5 frilled lizards
  8 rats
136 creatures vanquished.

Notes
Turn   | Place    | Note
-------+----------+-------------------------------------------
     0 | D:1      | potato4science the Octopode Hedge Wizard began the quest
                  | for the Orb.
     0 | D:1      | Reached XP level 1. HP: 11/11 MP: 4/4
    45 | D:1      | Reached skill level 3 in Stealth
   139 | D:1      | Reached skill level 1 in Fighting
   205 | D:1      | Reached skill level 1 in Short Blades
   205 | D:1      | Reached XP level 2. HP: 9/18 MP: 6/6
   376 | D:1      | Learned a level 2 spell: Blink
   681 | D:1      | Reached skill level 4 in Stealth
   770 | D:1      | Reached XP level 3. HP: 11/23 MP: 7/7
  1083 | D:1      | Found a faded altar of an unknown god.
  1713 | D:1      | Found a faded altar of an unknown god.
  2250 | D:2      | Reached XP level 4. HP: 28/29 MP: 2/8
  2524 | D:2      | Reached skill level 5 in Stealth
  2669 | D:2      | Reached XP level 5. HP: 20/34 MP: 4/9
  2977 | D:3      | Noticed an ogre
  3167 | D:3      | Found a glowing golden altar of the Shining One.
  3486 | D:3      | Reached skill level 6 in Stealth
  4271 | D:4      | Reached XP level 6. HP: 41/41 MP: 10/10
  4547 | D:4      | Noticed Robin
  5498 | D:4      | Reached skill level 7 in Stealth
  5669 | D:4      | Noticed Ijyb
  5689 | D:4      | Killed Ijyb
  5690 | D:4      | Reached XP level 7. HP: 14/46 MP: 11/11
  6221 | D:4      | Killed Robin
  6734 | D:5      | Entered Level 5 of the Dungeon
  6739 | D:5      | Identified a scroll of acquirement
  6739 | D:5      | Acquired a +6 ring of intelligence
  6985 | D:5      | Reached skill level 8 in Stealth
  7782 | D:5      | Found a sparkling altar of Nemelex Xobeh.
  8052 | D:5      | Identified the +3 flail "Cyotwypp" {drain, rElec rN+ Will-
                  | Str+2}
  8390 | D:3      | HP: 2/48 [ogre (21)]
  8395 | D:3      | Reached XP level 8. HP: 3/54 MP: 6/12
  8722 | D:6      | Found a stormy altar of Qazlal.
  9029 | D:6      | Reached skill level 9 in Stealth
  9203 | D:5      | HP: 2/54 [gnoll sergeant (11)]
  9206 | D:5      | Slain by a gnoll sergeant

Illustrated notes

Levels and vault maps discovered:
D:1:      lightli_arrival_statuegarden, layout_basic,
          shapermc_ecumenical_altar_mp_vishouse
D:2:      layout_basic
D:3:      layout_loops_ring, mainiacjoe_overflow_paths
D:4:      layout_loops_ring, uniq_robin, uniq_ijyb
D:5:      layout_gridville, nemelex_spade_bored_becter
D:6:      layout_basic, nicolae_qazlal_scattered_showers, minmay_joined_circles

Skill      XL: |  1  2  3  4  5  6  7  8 |
---------------+-------------------------+-----
Stealth        | 3 4 5 6 7 8 9 |  9.0
Fighting       | 1 2 3 4 |  4.0
Short Blades   | 1 2 3 4 |  4.4
Dodging        | 3 4 |  4.0
Spellcasting   | |  3.0
Conjurations   | |  1.0
Summonings     | |  1.0
Translocations | |  1.0

Action                   |  1- 3 |  4- 6 |  7- 9 || total
-------------------------+-------+-------+-------++-------
Melee: Dagger            |    65 |   122 |   103 ||   290
       Constrict         |    14 |    18 |    13 ||    45
       Tentacles         |    12 |    12 |    17 ||    41
 Cast: Magic Dart        |    56 |    62 |    60 ||   178
  Use: Potion            |       |     2 |     1 ||     3
       Scroll            |       |       |    10 ||    10
 Stab: Sleeping          |     8 |    24 |     4 ||    36
Armor: Skin              |     5 |     6 |     1 ||    12
Dodge: Dodged            |    41 |    33 |    40 ||   114
